 Dungeon Crawl Stone Soup version 0.30-a0-557-ge2afbf3030 (webtiles) character file.

Game seed: 9096780652761229740

1876 cforsyth the Conjurer (level 8, -2/57 HPs)
             Began as a Green Draconian Conjurer on Dec 28, 2022.
             Slain by a wight
             ... wielding a +4 halberd of freezing
              (4 damage)
             ... on level 7 of the Dungeon.
             The game lasted 00:14:52 (7855 turns).

cforsyth the Conjurer (Green Draconian Conjurer)    Turns: 7855, Time: 00:14:52

Health: -2/57      AC:  7    Str:  9    XL:     8   Next: 91%
Magic:  13/25      EV: 13    Int: 21    God:
Gold:   447        SH:  0    Dex: 10    Spells: 17/18 levels left

rFire   . . .      SeeInvis .    (no weapon)
rCold   . . .      Faith    .    (no shield)
rNeg    . . .      Spirit   .    (body armour unavailable)
rPois   +          Reflect  .    (helmet restricted)
rElec   .          Harm     .    b - scarf {repulsion}
rCorr   .          Rampage  .    n - +0 pair of gloves
Will    .....                    (no boots)
Stlth   ++                       (no amulet)
HPRegen 0.29/turn                c - +4 ring of protection
MPRegen 0.19/turn                h - ring of magical power

@: about to teleport, short of breath, weakened, corroded, repel missiles
A: breathe noxious fumes, AC +6, unfitting armour, poison resistance,
cold-blooded
a: Breathe Noxious Fumes


You were on level 7 of the Dungeon.
You visited 1 branch of the dungeon, and saw 7 of its levels.

You collected 447 gold pieces.

Inventory:

Armour
 b - a scarf of repulsion (worn)
 n - a +0 pair of gloves (worn)
Jewellery
 c - a +4 ring of protection (left hand)
 h - a ring of magical power (right hand)
Scrolls
 f - 2 scrolls of teleportation
 g - a scroll of amnesia
 i - 2 scrolls of enchant armour
 k - a scroll of torment {unknown}
 o - a scroll of noise {unknown}
Potions
 a - a potion of magic
 d - 3 potions of flight
 e - 3 potions of curing
 j - 2 potions of lignification
 l - 3 potions of brilliance {unknown}
 m - 5 potions of heal wounds {unknown}
 p - 2 potions of haste {unknown}
 q - a potion of might {unknown}


   Skills:
 + Level 5.5 Dodging
 - Level 2.6 Stealth
 + Level 5.7 Spellcasting
 + Level 7.1 Conjurations
 + Level 4.5 Hexes


You had 17 spell levels left.
You knew the following spells:

 Your Spells              Type           Power      Damage    Failure   Level
a - Magic Dart            Conj           100%       1d8       1%          1

Your spell library contained the following spells:

 Spells                   Type           Power      Damage    Failure   Level
 Searing Ray              Conj           70%        2d7       1%          2
 Dazzling Flash           Conj/Hex       60%        N/A       2%          3
 Fulminant Prism          Conj/Hex       15%        3d10      9%          4
 Beastly Appendage        Tmut           10%        N/A       10%         1
 Summon Small Mammal      Summ           20%        N/A       10%         1
 Summon Guardian Golem    Hex/Summ       15%        N/A       12%         3
 Blink                    Tloc           10%        N/A       16%         2
 Wereblood                Tmut           5%         N/A       16%         2
 Iskenderun's Mystic Bla  Conj/Tloc      20%        2d6       24%         4
 Call Canine Familiar     Summ           5%         N/A       30%         3
 Spider Form              Tmut/Pois      5%         N/A       30%         3
 Manifold Assault         Tloc           5%         N/A       69%         4
 Storm Form               Tmut/Air       2%         N/A       100%        7


Dungeon Overview and Level Annotations

Branches:
Dungeon (7/15)
 Temple: D:4-7

Altars:
Makhleb
Zin

Annotations:
D:3 Sigmund
D:7 Maggie


Innate Abilities, Weirdness & Mutations

You can breathe blasts of noxious fumes.
Your lurid green scales are hard. (AC +6)
You cannot fit into any form of body armour.
Your system is resistant to poisons. (rPois)
You are cold-blooded and may be slowed by cold attacks.


Message History

The gnoll hits you from afar with a +0 spear.
* * * LOW HITPOINT WARNING * * *
Your surroundings suddenly seem different. 2 wights and 2 gnolls come into view.
The gnoll closely misses you.
As you read the scroll of teleportation, it crumbles to dust.
You feel strangely unstable. The gnoll misses you.
The gnoll attacks as you move away! The gnoll hits you with a +0 halberd.
* * * LOW HITPOINT WARNING * * *
Found a leather armour.
Found a stone staircase leading down.
The gnoll barely misses you.
A wight comes into view. It is wielding a +2 scimitar.
A wight comes into view.
It is wielding a +4 halberd of freezing.
Your surroundings seem slightly different.
The gnoll shouts!
The gnoll hits you from afar with a +0 spear.
* * * LOW HITPOINT WARNING * * *
The gnoll hits you but does no damage. The gnoll barely misses you.
The wight barely misses you. The gnoll closely misses you.
The gnoll misses you. The wight misses you. The gnoll closely misses you.
As you read the scroll of teleportation, it crumbles to dust.
You feel strangely unstable.
The gnoll hits you from afar with a +0 halberd!
* * * LOW HITPOINT WARNING * * *
The gnoll barely misses you. The wight hits you but does no damage.
The wight closely misses you.
Maggie mumbles some strange words.
Maggie attempts to bespell you!
You easily resist.
The wight attacks as you move away! The wight hits you with a +0 mace.
* * * LOW HITPOINT WARNING * * *
The gnoll is no longer moving quickly.
The gnoll completely misses you.
Maggie casts a spell.
Maggie attempts to bespell you! You resist with almost no effort.
The gnoll bouda gazes fiercely through you!
You feel your attacks grow feeble.
The gnoll bouda hits you with a +0 club.
* * * LOW HITPOINT WARNING * * *
The wight hits you from afar with a +4 halberd of freezing.
You die...

...##. ..... ... ..#. .
#.. # ... .#.. . #.#..
...###. ..#.... #...[.
....##.##..### # #
#....@.....# . .#
...##..gg....# .##.##
....#zzz.g...# .....#
.......g..g..######.##..
....z........##.g....#..
................!....#..
.....###...#.....@...#..
..... ###....@.....##..
...>. #..............


You could see Maggie, a gnoll bouda, 4 wights and 4 gnolls.

Vanquished Creatures
  Grinder (D:4)
  A steam dragon (D:6)
  An ice beast (D:4)
  3 black bears
  2 ogres (D:6)
  2 phantoms
  A gnoll sergeant (D:6)
  A scorpion (D:5)
  A howler monkey (D:5)
  2 hounds (D:5)
  A jelly (D:5)
  3 orc priests
  6 iguanas
  5 orc wizards
  Robin (D:2)
  5 adders
  7 gnolls
  A shadow imp (D:5)
  A white imp (D:7)
  3 ufetubi
  3 worms
  4 dart slugs
  14 orcs
  3 endoplasms
  4 giant cockroaches
  11 goblins
  9 hobgoblins
  4 jackals
  4 kobolds
  2 quokkas (D:2)
  6 ball pythons
  4 bats
  4 frilled lizards
  5 rats
125 creatures vanquished.

Vanquished Creatures (collateral kills)
  A jackal (D:1)
1 creature vanquished.

Vanquished Creatures (others)
  19 plants (D:2)
19 creatures vanquished.

Grand Total: 145 creatures vanquished

Notes
Turn   | Place    | Note
-------+----------+-------------------------------------------
     0 | D:1      | cforsyth the Draconian Conjurer began the quest for the
                  | Orb.
     0 | D:1      | Reached XP level 1. HP: 14/14 MP: 3/3
   466 | D:1      | Reached XP level 2. HP: 15/20 MP: 3/5
   785 | D:2      | Reached XP level 3. HP: 26/26 MP: 0/6
  1532 | D:2      | Reached XP level 4. HP: 33/33 MP: 3/7
  1607 | D:2      | Noticed Robin
  1974 | D:2      | Killed Robin
  2987 | D:2      | Reached XP level 5. HP: 38/38 MP: 9/9
  3264 | D:3      | Noticed a black bear
  3773 | D:3      | Killed a black bear
  3774 | D:3      | Reached skill level 5 in Conjurations
  3774 | D:3      | Reached skill level 1 in Hexes
  4054 | D:3      | Found a burning altar of Makhleb.
  4056 | D:3      | Noticed a green death
  4119 | D:3      | Noticed Sigmund
  4160 | D:4      | Noticed Grinder
  4170 | D:4      | Killed Grinder
  4171 | D:4      | Reached XP level 6. HP: 45/45 MP: 10/11
  4779 | D:4      | Your scales start taking on a lurid green colour.
  4779 | D:4      | Reached XP level 7. HP: 50/50 MP: 12/12
  4779 | D:4      | Gained mutation: Your system is resistant to poisons.
                  | (rPois) [Green Draconian growth]
  5520 | D:5      | Entered Level 5 of the Dungeon
  5814 | D:5      | Reached skill level 6 in Conjurations
  5991 | D:5      | Reached XP level 8. HP: 57/57 MP: 15/15
  6558 | D:4      | Reached skill level 5 in Spellcasting
  6861 | D:5      | Reached skill level 5 in Dodging
  7461 | D:6      | Reached skill level 7 in Conjurations
  7593 | D:6      | Found a glowing silver altar of Zin.
  7824 | D:7      | Noticed Maggie
  7855 | D:7      | HP: 2/57 [wight/+0 mace (6)]
  7855 | D:7      | Slain by a wight

Illustrated notes

Levels and vault maps discovered:
D:1:      enne_arrival_octagon_isle, layout_rooms, nicolae_titane
D:2:      layout_loops_corners, dk_noncrumbling_3, serial_bayou_pond_c,
          minmay_fractal_squares_gapless_5, uniq_robin
D:3:      layout_loops_cross, makhleb_altar_promises_db, uniq_sigmund
D:4:      layout_loops_cross, due_unseen_surprise, uniq_grinder
D:5:      layout_rooms, kennysheep_cluttered_room, grunt_decor_one_mirror
D:6:      layout_gridville, mainiacjoe_overflow_tiny_flanked, bh_walls_and_bars
D:7:      layout_rooms, dk_yredelemnul_ordeal,
          nzn_overflow_gifts_of_might_and_magic, minmay_temple_entry_ruins,
          minmay_stone_trees_medium, uniq_maggie

Skill      XL: |  1  2  3  4  5  6  7  8 |
---------------+-------------------------+-----
Stealth        | 2 |  2.6
Dodging        | 2 3 4 5 |  5.5
Spellcasting   | 3 4 5 |  5.7
Conjurations   | 5 6 7 |  7.1
Hexes          | 1 2 3 4 |  4.5

Action                   |  1- 3 |  4- 6 |  7- 9 || total
-------------------------+-------+-------+-------++-------
Melee: Unarmed           |    37 |       |       ||    37
       Tailslap          |     3 |       |       ||     3
 Cast: Magic Dart        |    67 |   177 |   251 ||   495
 Abil: Breathe Noxious F |       |       |     5 ||     5
  Use: Scroll            |     4 |     4 |     3 ||    11
       Potion            |     2 |       |       ||     2
Armor: Skin              |    37 |    35 |    49 ||   121
Dodge: Dodged            |    91 |    49 |    77 ||   217
       Repelled          |       |     3 |     2 ||     5

Table legend: (Time is in decaauts)
 A = Elapsed time spent in this place.
 B = Non-inter-level travel time spent in this place.
 C = Inter-level travel time spent in this place.
 D = Time resting spent in this place.
 E = Time spent auto-exploring this place.
 F = Levels seen in this place.
 G = Mean time per level.
                   A        B        C        D        E       F      G
               +--------+--------+--------+--------+--------+-----+--------+
         Total |   7869 |   7624 |    245 |   1145 |   5227 |   7 | 1124.1 |
       Dungeon |   7869 |   7624 |    245 |   1145 |   5227 |   7 | 1124.1 |
               +--------+--------+--------+--------+--------+-----+--------+

Top non-repeatable levels by time:
     D:2: 2103 daAuts
     D:4: 1574 daAuts
     D:3: 1248 daAuts
     D:1: 1094 daAuts
     D:6: 977 daAuts
     D:5: 822 daAuts
     D:7: 50 daAuts
